 Dungeon Crawl Stone Soup version 0.31-a0-233-g139696dc86 (webtiles) character file.

Game seed: 10665784466638209790

199 qw the Shooter (level 5, 0/30 HPs)
             Began as a Gargoyle Hexslinger on July 9, 2023.
             Slain by an orc
             ... wielding a +0 club
              (1 damage)
             ... on level 4 of the Dungeon.
             The game lasted 00:00:58 (2166 turns).

qw the Shooter (Gargoyle Hexslinger)                Turns: 2166, Time: 00:00:58

Health: 0/30       AC:  9    Str: 11    XL:     5   Next: 77%
Magic:  6/6        EV: 10    Int: 14    God:
Gold:   123        SH:  0    Dex: 14    Spells: 5/6 levels left

rFire   . . .        Y - +1 sling
rCold   . . .        (no shield)
rNeg    + . .        b - +0 ring mail
rPois   inf          (no helmet)
rElec   +            (no cloak)
rCorr   .            (no gloves)
SInv    .            (no boots)
Will    .....        (no amulet)
Stlth   +            (no ring)
HPRegen 0.25/turn    (no ring)
MPRegen 0.10/turn

%: no passive effects
@: no status effects
A: sickness immunity, AC +4, negative energy resistance 1, electricity
resistance, torment resistance 1, petrification resistance
a: no special abilities


You were on level 4 of the Dungeon.
You visited 1 branch of the dungeon, and saw 4 of its levels.

You collected 123 gold pieces.


Innate Abilities, Weirdness & Mutations

You are immune to sickness and miasma.
Your stone body is resilient. (AC +4)
You are immune to poison.
You resist negative energy. (rN+)
You are resistant to electric shocks. (rElec)
You are resistant to unholy torment.
You are immune to petrification.


   Skills:
 + Level 2.1 Fighting
 - Level 5.2 Ranged Weapons
 - Level 1.4 Armour
 - Level 1.5 Dodging
 - Level 1.0 Spellcasting
 - Level 2.6 Hexes


You had 5 spell levels left.
You knew the following spells:

 Your Spells              Type           Power      Damage    Failure   Level
a - Slow                  Hex            32%        N/A       21%         1

Your spell library contained the following spells:

 Spells                   Type           Power      Damage    Failure   Level
 Inner Flame              Hex/Fire       4%         N/A       71%         3
 Portal Projectile        Hex/Tloc       8%         N/A       71%         3
 Cause Fear               Hex            4%         N/A       90%         4

Inventory:

Hand Weapons
 Y - a +1 sling (weapon)
Armour
 b - a +0 ring mail (worn)
Scrolls
 d - a scroll of fog {unknown}
 e - a scroll of identify
Potions
 a - a potion of brilliance {unknown}
 c - a potion of attraction {unknown}
 g - a potion of magic {unknown}

Dungeon Overview and Level Annotations

Branches:
Dungeon (4/15)
 Temple: D:4-7

Altars:
Ru


Message History

The ball python barely misses you. The ball python constricts you.
Something hits you.
The ball python bites you but does no damage.
The ball python constricts you.
You shoot a sling bullet. The sling bullet hits the ball python.
You kill the ball python!
Something hits you but does no damage.
You shoot a sling bullet. The sling bullet hits the orc.
The orc is lightly wounded.
The orc barely misses you. Something hits you but does no damage.
The orc hits you with a +0 club. Something hits you.
You shoot a sling bullet.
The sling bullet closely misses the orc.
The orc hits you with a +0 club. Something hits you but does no damage.
You shoot a sling bullet. The sling bullet hits the orc!
You kill the orc!
The orc throws a boomerang.
Something hits you but does no damage.
You shoot a sling bullet. The sling bullet hits the orc.
The orc is moderately wounded.
The orc misses you. Something hits you but does no damage. Something hits you.
The orc hits you with a +0 club.
You shoot a sling bullet.
The sling bullet hits the orc but does no damage.
The orc is moderately wounded.
An orc wizard appears from thin air!
Reactivating autopickup.
The orc hits you but does no damage.
The orc wizard hits you but does no damage.
You shoot a sling bullet.
The sling bullet closely misses the orc wizard.
The orc hits you but does no damage. The orc wizard barely misses you.
You shoot a sling bullet. The sling bullet hits the orc wizard.
The orc wizard is almost dead.
The orc hits you with a +0 club.
The orc wizard points at you and mumbles some strange words.
The puff of flame hits you.
You shoot a sling bullet. The sling bullet hits the orc wizard.
You kill the orc wizard!
The orc hits you but does no damage. The orc hits you with a +0 club.
You die...

#.# #.# #.#
#...# #. #.#
#.. ....:
....#####.
#.# ### .##.#
#......<..
#.# .#..#
#..######.
#.# .#(.#
#..# ## #.#
.# .### #.#
##o#..... #
#.# #)o......
#.###.# #@#
#.....#####.#
#........[..#
#############


You could see 2 orcs.

Vanquished Creatures
  A jelly (D:4)
  2 hounds
  An orc wizard (D:4)
  3 adders
  A gnoll (D:1)
  An ufetubus (D:4)
  2 worms (D:3)
  2 dart slugs
  4 orcs
  4 bats
  6 endoplasms
  2 goblins (D:2)
  4 hobgoblins
  5 jackals
  7 kobolds
  A ball python (D:4)
  7 frilled lizards
  3 rats
56 creatures vanquished.

Notes
Turn   | Place    | Note
-------+----------+-------------------------------------------
     0 | D:1      | qw the Gargoyle Hexslinger began the quest for the Orb.
     0 | D:1      | Reached XP level 1. HP: 12/12 MP: 2/2
     0 | D:1      | 0 ||| qw: Version: 0.3-a-51-g015441d
     0 | D:1      | 0 ||| qw: Game counter: 3964
     0 | D:1      | 0 ||| qw: Melee chars always use a shield: true
     0 | D:1      | 0 ||| qw: God list: Okawaru
     0 | D:1      | 0 ||| qw: Allow faded altars: false
     0 | D:1      | 0 ||| qw: Do Orc after clearing Dungeon:15 true
     0 | D:1      | 0 ||| qw: Do second Lair branch before Depths: true
     0 | D:1      | 0 ||| qw: Lair rune preference: random
     0 | D:1      | 0 ||| qw: Goals: Normal
     0 | D:1      | 0 ||| PLANNING D:1-11
   156 | D:1      | Reached XP level 2. HP: 16/16 MP: 3/3
   190 | D:1      | Reached skill level 3 in Ranged Weapons
   316 | D:1      | Reached XP level 3. HP: 21/21 MP: 4/4
   528 | D:1      | 528 ||| UPGRADING to +0 leather armour.
   538 | D:1      | 538 ||| DROPPING +0 robe.
   539 | D:1      | 539 ||| READING scroll labelled JUNGUP WAOS.
   540 | D:1      | 540 ||| READING 3 scrolls labelled SOPHUJ KUSA.
   541 | D:1      | 541 ||| READING scroll labelled XOUCITARUDE.
   542 | D:1      | 542 ||| DROPPING scroll of poison.
   627 | D:2      | Found a faded altar of an unknown god.
   753 | D:2      | Reached XP level 4. HP: 26/26 MP: 5/5
   938 | D:2      | 938 ||| READING scroll labelled ZORERA YVVY.
   939 | D:2      | 939 ||| READING scroll labelled CUOTHR YNIO.
   943 | D:2      | 943 ||| DRINKING 2 murky cyan potions.
  1048 | D:2      | 1048 ||| READING 2 scrolls of identify.
  1048 | D:2      | 1048 ||| IDENTIFYING fuming sapphire potion
  1049 | D:2      | 1049 ||| DROPPING potion of berserk rage.
  1050 | D:2      | 1050 ||| DROPPING potion of invisibility.
  1072 | D:3      | 1072 ||| STAIRDANCE
  1079 | D:2      | Reached skill level 4 in Ranged Weapons
  1373 | D:3      | Found a sacrificial altar of Ru.
  1512 | D:3      | Reached XP level 5. HP: 30/30 MP: 6/6
  1905 | D:3      | 1905 ||| UPGRADING to +0 ring mail.
  1915 | D:3      | 1915 ||| DROPPING +0 leather armour.
  1916 | D:3      | 1916 ||| READING scroll labelled UFUOPN WIMP.
  1917 | D:3      | 1917 ||| DRINKING 2 viscous purple potions.
  1954 | D:3      | 1954 ||| DROPPING potion of lignification.
  1972 | D:4      | Reached skill level 1 in Armour
  2033 | D:4      | Reached skill level 5 in Ranged Weapons
  2162 | D:4      | HP: 7/30 [orc/+0 club (2)]
  2165 | D:4      | HP: 3/30 [orc/+0 club (5)]
  2165 | D:4      | HP: 1/30 [orc wizard/puff of flame (2)]
  2166 | D:4      | Slain by an orc

Levels and vault maps discovered:
D:1:      ldierk_walled_garden_2, layout_basic, minmay_lizard_king
D:2:      layout_rooms, chequers_ecumenical_altar_grove
D:3:      layout_basic, nicolae_ru_awakened_eye
D:4:      layout_loops_ring, minmay_misc_feat_room

Skill      XL: |  1  2  3  4  5 |
---------------+----------------+-----
Ranged Weapons | 3 4 5 |  5.2
Fighting       | 2 |  2.1
Armour         | 1 |  1.4
Dodging        | |  1.5
Spellcasting   | |  1.0
Hexes          | |  2.6

Action                     |  1- 3 |  4- 6 || total
---------------------------+-------+-------++-------
   Fire: Sling             |   124 |   111 ||   235
    Use: Scroll            |     3 |     4 ||     7
         Potion            |       |     2 ||     2
 Armour: Robe              |    23 |       ||    23
         Leather armour    |     7 |    18 ||    25
         Ring mail         |       |    34 ||    34
  Dodge: Dodged            |    49 |    51 ||   100

Table legend:
 A = Non-vault XP
 B = Vault XP
 C = Vault XP percentage of total XP
 D = Non-vault monster count
 E = Vault monster count
 F = Vault count percentage of total count
                 A         B        C        D         E       F
            +---------+---------+-------+---------+---------+-------
      Total |     304 |       6 |   1.9 |      50 |       6 |  10.7
            +---------+---------+-------+---------+---------+-------
        D:1 |      47 |       6 |  11.3 |      18 |       6 |  25.0
        D:2 |      37 |       0 |   0.0 |      12 |       0 |   0.0
        D:3 |      91 |       0 |   0.0 |      11 |       0 |   0.0
        D:4 |     129 |       0 |   0.0 |       9 |       0 |   0.0
            +---------+---------+-------+---------+---------+-------
